 Dungeon Crawl Stone Soup version 0.21-a0-442-g848f44b (webtiles) character file.

2832 4thArraOfDagon the Destroyer (level 9, -2/45 HPs)
             Began as a Tengu Fire Elementalist on Nov 16, 2017.
             Was a Priest of Vehumet.
             Slain by a hornet (13 damage)
             ... while paralysed by a hornet
             ... on level 8 of the Dungeon.
             The game lasted 00:20:45 (4028 turns).

4thArraOfDagon the Destroyer (TeFE)                 Turns: 4028, Time: 00:20:46

Health: -2/45      AC:  5    Str:  9    XL:     9   Next: 73%
Magic:  14/18      EV:  2    Int: 18    God:    Vehumet [***...]
Gold:   282        SH:  0    Dex: 20    Spells: 6/19 levels left

rFire    + . .     SeeInvis .   o - +1 dire flail (holy)
rCold    + . .     Gourm    +   (shield currently unavailable)
rNeg     + . .     Faith    .   d - +2 robe {rC+}
rPois    .         Spirit   .   (helmet restricted)
rElec    .         Reflect  .   (no cloak)
rCorr    .         Harm     .   f - +0 pair of gloves
MR       .....                  (boots unavailable)
Stlth    ++........             E - amulet of the gourmand
HPRegen  0.15/turn              g - ring "Hotau" {rF+ rN+ MR- Dex+3}
MPRegen  0.16/turn              (no ring)

@: paralysed, lethally poisoned (-2 -> -9), slowed
A: beak, talons 3, agile 1, able to fly 1
a: Fly, Renounce Religion


You were on level 8 of the Dungeon.
You worshipped Vehumet.
Vehumet was most pleased with you.
You were very full.

You visited 2 branches of the dungeon, and saw 10 of its levels.

You collected 282 gold pieces.

Inventory:

Hand Weapons
 o - a +1 dire flail of holy wrath (weapon)
 F - a +0 blowgun
Missiles
 G - 2 curare-tipped needles
Armour
 a - a +0 robe
 d - a +2 robe of cold resistance (worn)
 f - a +0 pair of gloves (worn)
 z - a +0 ring mail
 D - a +2 leather armour of magic resistance
Magical Staves
 H - an uncursed staff of poison
Jewellery
 g - the ring "Hotau" (left hand) {rF+ rN+ MR- Dex+3}
   (You found it on level 6 of the Dungeon)

   [ring of positive energy]

   It affects your dexterity (+3).
   It protects you from fire.
   It protects you from negative energy.
   It affects your resistance to hostile enchantments.
 E - an amulet of the gourmand (around neck)
Wands
 e - a wand of polymorph (0/24)
 t - a wand of lightning (0/15)
Scrolls
 h - a scroll of fog {unknown}
 i - 2 scrolls of enchant armour
 j - a scroll of enchant weapon {unknown}
 k - a scroll of immolation {unknown}
 m - a scroll of magic mapping {unknown}
 p - a scroll of teleportation {unknown}
 u - 3 scrolls of amnesia {unknown}
 v - 4 scrolls of remove curse {unknown}
 w - a scroll of blinking {unknown}
 y - 8 scrolls of identify {unknown}
 I - a scroll of recharging {unknown}
Potions
 l - a potion of degeneration
 s - a potion of magic {unknown}
 x - a potion of heal wounds
 A - 3 potions of curing
 B - a potion of haste {unknown}
Books
 b - a book of Flames

   Spells                             Type                      Level
   a - Flame Tongue                   Conjuration/Fire             1
   b - Throw Flame                    Conjuration/Fire             2
   c - Conjure Flame                  Conjuration/Fire             3
   d - Inner Flame                    Hexes/Fire                   3
   e - Sticky Flame                   Conjuration/Fire             4
   f - Fireball                       Conjuration/Fire             5
 C - a book of Changes

   Spells                             Type                      Level
   a - Beastly Appendage              Transmutation                1
   b - Sticks to Snakes               Transmutation                2
   c - Spider Form                    Transmutation/Poison         3
   d - Ice Form                       Ice/Transmutation            4
   e - Blade Hands                    Transmutation                5
Comestibles
 c - 7 bread rations
 n - 4 meat rations
 q - 4 fruits
 r - 3 royal jellies


   Skills:
 - Level 2.1 Dodging
 - Level 2.0 Stealth
 + Level 5.6 Spellcasting
 * Level 10.7 Conjurations
 * Level 9.7 Fire Magic


You had 6 spell levels left.
You knew the following spells:

 Your Spells              Type           Power        Failure   Level  Hunger
a - Flame Tongue          Conj/Fire      #####        1%          1    None
b - Conjure Flame         Conj/Fire      #####...     1%          3    ##.....
c - Sticky Flame          Conj/Fire      #####...     1%          4    ####...
d - Fireball              Conj/Fire      #####.....   1%          5    #####..


Dungeon Overview and Level Annotations

Branches:
Dungeon (9/15)             Temple (1/1) D:6
   Lair: D:8-11         Orc: D:9-12

Altars:
Ashenzari
Fedhas
Gozag
Hepliaklqana
Kikubaaqudgha
Nemelex Xobeh
Okawaru
Qazlal
Ru
Sif Muna
Vehumet
Wu Jian
Xom
Yredelemnul

Annotations:
D:3 Mitsuki's ghost, amateur HOFi
D:5 arkorax's ghost, novice FoFi


Innate Abilities, Weirdness & Mutations

You have a beak for a mouth.
You have claws for feet.
You can fly.
You are agile. (Dex +2)


Message History

Unknown command.
Unknown command.
Casting: Flame Tongue
Confirm with . or Enter, or press ? or * to list all spells.
Aiming: Sticky Flame
Press: ? - help, Shift-Dir - straight line, f - hornet
Aim: a hornet The sticky flame hits the hornet.
The hornet is lightly wounded.
The hornet is covered in liquid flames!
The hornet burns!
The hornet misses you. The hornet stings you!
You are poisoned.
You suddenly lose the ability to move!
You feel sick.
The hornet burns!
The hornet stings you but does no damage.
You feel sick.
The hornet burns!
The hornet stops burning.
The hornet stings you.
* * * LOW HITPOINT WARNING * * *
You feel yourself slow down. The hornet stings you!
You die...

#........#.# .....#
#........#.# .....#
######..)..# .....#
##...####..###
#.#..........
#.#..........
..##....)....
##########...(.....
#.@......'.........
#y########.........
#..=..S.#
#.........
#.......#
########'#
#.......# ..
..#+##### .. ###


You could see a hornet.

Vanquished Creatures
  A two-headed ogre (D:9)
  A hippogriff (D:8)
  Menkaure (D:6)
  Edmund (D:4)
  Duvessa (D:6)
  A phantom (D:4)
  A sky beast (D:5)
  An ogre (D:6)
  4 centaurs
  A big kobold (D:8)
  A bullfrog (D:6)
  Dowan (D:6)
  A water moccasin skeleton (D:8)
  A jelly (D:6)
  6 orc priests
  2 bullfrog skeletons
  A hound (D:6)
  Jessica (D:3)
  A centaur skeleton (D:8)
  3 orc wizards
  3 iguanas
  3 worker ants
  10 adders
  3 gnolls (D:2)
  5 oozes
  5 worms
  4 dart slugs
  4 leopard geckos
  26 orcs
  3 ball pythons
  5 giant cockroaches
  6 goblins
  5 hobgoblins
  3 jackals (D:1)
  10 kobolds
  3 quokkas
  6 bats
  6 frilled lizards
  A jackal zombie (D:6)
  11 rats
153 creatures vanquished.

Notes
Turn   | Place    | Note
-------+----------+-------------------------------------------
     0 | D:1      | 4thArraOfDagon the Tengu Fire Elementalist began the quest for the Orb.
     0 | D:1      | Reached XP level 1. HP: 10/10 MP: 4/4
    42 | D:3      | Noticed Jessica
    50 | D:3      | Noticed a centaur
    76 | D:3      | Killed Jessica
    76 | D:3      | Reached skill level 2 in Conjurations
    76 | D:3      | Reached XP level 2. HP: 15/15 MP: 0/6
    76 | D:3      | Reached XP level 3. HP: 19/19 MP: 0/7
   217 | D:3      | Reached skill level 3 in Conjurations
   405 | D:4      | Found a sparkling altar of Nemelex Xobeh.
   447 | D:5      | Entered Level 5 of the Dungeon
   447 | D:5      | Found an iron altar of Okawaru.
   478 | D:5      | Learned a level 3 spell: Conjure Flame
   524 | D:5      | Noticed a sky beast
   532 | D:5      | Killed a sky beast
   532 | D:5      | Reached skill level 4 in Conjurations
   532 | D:5      | Reached XP level 4. HP: 13/24 MP: 2/9
   532 | D:5      | Gained mutation: You can fly. [Tengu growth]
   532 | D:5      | Reached XP level 5. HP: 16/28 MP: 2/10
   535 | D:5      | Gained mutation: You are agile. (Dex +2) [mutagenic meat]
   564 | D:4      | Noticed Edmund
   606 | D:5      | Noticed arkorax's ghost (novice FoFi)
   608 | D:6      | Found a staircase to the Ecumenical Temple.
   618 | Temple   | Entered the Ecumenical Temple
   706 | Temple   | Became a worshipper of Vehumet
   764 | D:6      | Noticed a centaur
   782 | D:6      | Noticed a centaur
   809 | D:6      | Found an opulent altar of Gozag.
   880 | D:6      | Reached skill level 5 in Fire Magic
   880 | D:6      | Reached XP level 6. HP: 29/32 MP: 4/11
   891 | D:6      | Reached skill level 5 in Conjurations
   928 | D:5      | Learned a level 4 spell: Sticky Flame
  1164 | D:6      | Found a stormy altar of Qazlal.
  1289 | D:4      | Killed Edmund
  1289 | D:4      | Reached XP level 7. HP: 23/36 MP: 3/13
  1331 | D:4      | Reached skill level 6 in Conjurations
  1426 | D:3      | Reached * piety under Vehumet
  1426 | D:3      | Offered knowledge of Magic Dart by Vehumet.
  1471 | D:3      | Noticed Mitsuki's ghost (amateur HOFi)
  1853 | D:1      | Found a runed door.
  1892 | D:1      | Offered knowledge of Freeze by Vehumet.
  1893 | D:1      | Reached ** piety under Vehumet
  2220 | D:2      | Learned a level 5 spell: Fireball
  2297 | D:2      | Found a deep blue altar of Sif Muna.
  2490 | D:4      | Reached skill level 7 in Conjurations
  2490 | D:4      | Reached XP level 8. HP: 23/41 MP: 4/14
  2580 | D:4      | Offered knowledge of Dazzling Spray by Vehumet.
  2852 | D:5      | Reached *** piety under Vehumet
  3025 | D:6      | Reached skill level 8 in Conjurations
  3111 | D:6      | Noticed Menkaure
  3141 | D:6      | Killed Menkaure
  3296 | D:6      | Noticed Duvessa
  3348 | D:6      | Reached skill level 9 in Conjurations
  3476 | D:6      | Got a shimmering steel ring
  3477 | D:6      | Identified the ring "Hotau" {rF+ rN+ MR- Dex+3} (You found it on level 6 of the Dungeon)
  3518 | D:6      | Noticed Dowan
  3522 | D:6      | Killed Duvessa
  3526 | D:6      | Killed Dowan
  3526 | D:6      | Reached XP level 9. HP: 45/45 MP: 7/17
  3643 | D:8      | Reached skill level 5 in Spellcasting
  3643 | D:8      | Offered knowledge of Mephitic Cloud by Vehumet.
  3744 | D:9      | Thaneod: oo Tengu majÄ… +3 conj
  3772 | D:9      | Noticed a two-headed ogre
  3786 | D:9      | Killed a two-headed ogre
  3786 | D:9      | Reached skill level 10 in Conjurations
  4024 | D:8      | Noticed a hornet
  4026 | D:8      | Paralysed by a hornet for 3 turns
  4028 | D:8      | Slain by a hornet

Vault maps used:
D:1:      dpeg_arrival_caged_fury
D:2:      led_sif_pool
D:3:      uniq_jessica
D:4:      first_bread, nemelex_spade_bored_becter, uniq_edmund
D:5:      basic_altar
D:6:      temple_pool_b, basic_altar,
          nicolae_gozag_cash_rules_everything_around_me, uniq_duvessa,
          uniq_menkaure
D:7:      chequers_temple_overflow_statue_of_worship
D:8:      uniq_erica
D:9:      minmay_twisted_water, david_nohive_1, glass_columns_b,
          lemuel_mausoleum_altar_kikubaaqudgha
Temple:   dpeg_five_rooms_temple

Skill      XL: |  1  2  3  4  5  6  7  8  9 |
---------------+----------------------------+-----
Conjurations   | 2 4 5 7 9 10 | 10.7
Fire Magic     | 4 5 6 8 9 |  9.7
Spellcasting   | 3 4 5 |  5.6
Dodging        | |  2.1
Stealth        | |  2.0

Action                   |  1- 3 |  4- 6 |  7- 9 || total
-------------------------+-------+-------+-------++-------
Melee: Flail             |       |     9 |       ||     9
       Kick              |       |     5 |    40 ||    45
       Peck              |       |     1 |    20 ||    21
       Dire flail        |       |       |   161 ||   161
 Cast: Flame Tongue      |    32 |    42 |    86 ||   160
       Conjure Flame     |       |     1 |     5 ||     6
       Sticky Flame      |       |     3 |    22 ||    25
       Fireball          |       |       |    11 ||    11
 Abil: Fly               |       |     2 |       ||     2
Evoke: Wand              |       |       |     5 ||     5
  Use: Potion            |       |     4 |     1 ||     5
       Scroll            |       |     1 |       ||     1
 Stab: Invisible         |       |     1 |       ||     1
       Sleeping          |       |       |     5 ||     5
  Eat: Chunk             |       |     3 |    26 ||    29
Armor: Robe              |     3 |    11 |    58 ||    72
Dodge: Dodged            |    10 |    46 |   139 ||   195

Table legend:
 A = Spawn XP
 B = Non-spawn XP
 C = Spawn XP percentage of total XP
 D = Spawn monster count
 E = Non-spawn monster count
 F = Spawn count percentage of total count
 G = Total turns spent on level
                    A         B        C        D         E        F      G
               +---------+---------+-------+---------+---------+-------+---------
         Total |       0 |    4047 |   0.0 |       0 |     153 |   0.0 |  4028
               +---------+---------+-------+---------+---------+-------+---------
           D:1 |       0 |      73 |   0.0 |       0 |      30 |   0.0 |   302
           D:2 |       0 |     151 |   0.0 |       0 |      28 |   0.0 |   578
           D:3 |       0 |     190 |   0.0 |       0 |      15 |   0.0 |   617
           D:4 |       0 |     559 |   0.0 |       0 |      20 |   0.0 |   571
           D:5 |       0 |     229 |   0.0 |       0 |       8 |   0.0 |   462
           D:6 |       0 |    1223 |   0.0 |       0 |      30 |   0.0 |   897
           D:8 |       0 |     696 |   0.0 |       0 |      20 |   0.0 |   359
           D:9 |       0 |     926 |   0.0 |       0 |       2 |   0.0 |    93
               +---------+---------+-------+---------+---------+-------+---------
